 Dungeon Crawl Stone Soup version 0.31.0-32-g396128a36d (webtiles) character file.

Game seed: 12699068407110156747

198846 Zeor the Warrior (level 18, -3/159 HPs)
             Began as a Merfolk Gladiator on Apr 24, 2024.
             Was a High Priest of the Shining One.
             Slain by an Ice Fiend (21 damage)
             ... in an ice cave.
             The game lasted 02:18:50 (31149 turns).

Zeor the Warrior (Merfolk Gladiator)               Turns: 31149, Time: 02:18:50

Health: -3/159     AC: 21    Str: 29    XL:     18   Next: 90%
Magic:  10/27      EV: 21    Int: 10    God:    the Shining One [*****.]
Gold:   1900       SH: 23    Dex: 19    Spells: 18/19 levels left

rFire   + + .        a - +5 Force Lance {heavy, knockback}
rCold   + . .        l - +0 kite shield {rC+}
rNeg    + + +        g - +8 ring mail of Rotation {rF+ Int+3}
rPois   +            c - +1 helmet
rElec   +            (no cloak)
rCorr   .            n - +2 pair of gloves
SInv    .            S - +0 pair of boots {Fly}
Will    .....        Z - amulet "Emmux" {RegenMP rPois rN+ Str+6 Dex-4}
Stlth   +            B - ring "Xyisis" {rF+ rN+ Will- Str+6}
HPRegen 0.46/turn    M - ring "Zitaiwy" {rElec rN+ Str+2}
MPRegen 0.60/turn

%: no passive effects
@: divinely shielded, flying, glowing
A: (nimble swimmer 2), mertail
a: Renounce Religion, Divine Shield, Cleansing Flame, Summon Divine Warrior


You were in an ice cave.
You worshipped the Shining One.
The Shining One was extremely pleased with you.
You visited 6 branches of the dungeon, and saw 26 of its levels.
You visited 1 bazaar.
You also visited: Bailey and Ice Cave.

You collected 3449 gold pieces.
You spent 1549 gold pieces at shops.

Inventory:

Hand Weapons
 a - the +5 Force Lance (weapon) {heavy, knockback}
   (You found it on level 2 of the Dungeon)
 J - a +3 bardiche
Missiles
 d - 4 throwing nets
 e - 6 javelins
 k - 52 poisoned darts
 x - 12 atropa-tipped darts
 y - 22 boomerangs (quivered)
 E - 4 curare-tipped darts
 F - 4 datura-tipped darts
Armour
 c - a +1 helmet (worn)
 g - the +8 ring mail of Rotation (worn) {rF+ Int+3}
   (You found it on level 3 of the Lair of Beasts)

   Int+3:     It affects your intelligence (+3).
   rF+:       It protects you from fire.
 l - a +0 kite shield of cold resistance (worn)
 n - a +2 pair of gloves (worn)
 w - a +0 pair of gloves of stealth
 S - a +0 pair of boots of flying (worn)
Jewellery
 B - the ring "Xyisis" (left hand) {rF+ rN+ Will- Str+6}
   (You found it on level 6 of the Dungeon)

   [ring of strength]

   Str+6:     It affects your strength (+6).
   rF+:       It protects you from fire.
   rN+:       It protects you from negative energy.
   Will-:     It decreases your willpower.
 M - the ring "Zitaiwy" (right hand) {rElec rN+ Str+2}
   (You found it on level 8 of the Dungeon)

   [ring of positive energy]

   Str+2:     It affects your strength (+2).
   rElec:     It insulates you from electricity.
   rN+:       It protects you from negative energy.
 P - an amulet of reflection
 Z - the amulet "Emmux" (around neck) {RegenMP rPois rN+ Str+6 Dex-4}
   (You bought it in a shop on level 2 of the Orcish Mines)

   [amulet of magic regeneration]

   RegenMP:   It increases your rate of magic regeneration.
   Str+6:     It affects your strength (+6).
   Dex-4:     It affects your dexterity (-4).
   rPois:     It protects you from poison rN+: It protects you from negative
   energy.
Wands
 b - a wand of charming (10)
 j - a wand of flame (10)
 m - a wand of mindburst (9)
 q - a wand of polymorph (18)
 v - a wand of light (15)
 D - a wand of iceblast (3)
 W - a wand of digging (4)
Scrolls
 f - a scroll of enchant weapon
 h - 12 scrolls of teleportation
 i - a scroll of poison
 s - a scroll of enchant armour
 A - 6 scrolls of blinking
 K - 3 scrolls of fog
 Q - 4 scrolls of identify
 T - 5 scrolls of revelation
 V - 5 scrolls of fear
Potions
 o - 4 potions of mutation
 r - 4 potions of haste
 t - 6 potions of ambrosia
 u - 4 potions of enlightenment
 z - 3 potions of attraction
 C - a potion of might
 H - 2 potions of heal wounds
 U - a potion of cancellation
 X - 2 potions of curing
 Y - a potion of resistance
Miscellaneous
 p - a tin of tremorstones (2/2)
 G - a phial of floods
 I - a phantom mirror
 O - a sack of spiders
 R - a lightning rod (4/4)


   Skills:
 * Level 18.9 Fighting
 + Level 4.5 Long Blades
 + Level 1.4(7.1) Axes
 + Level 16.6(16.7) Polearms
 * Level 11.3 Throwing
 + Level 7.0 Armour
 * Level 16.4 Dodging
 - Level 5.0 Stealth
 * Level 9.9 Shields
 + Level 1.1 Spellcasting
 + Level 1.0 Translocations
 * Level 12.2 Invocations
 + Level 1.2 Evocations


You had 18 spell levels left.
You knew the following spells:

 Your Spells              Type           Power      Damage    Failure   Level
a - Apportation           Tloc           4%         N/A       45%         1

Your spell library contained the following spells:

 Spells                   Type           Power      Damage    Failure   Level
 Foxfire                  Conj/Fire      0%         2x1d4     58%         1
 Necrotise                Necr           0%         1d4       58%         1
 Slow                     Hex            0%         N/A       58%         1
 Sting                    Conj/Alch      0%         1d3       58%         1
 Summon Small Mammal      Summ           0%         N/A       58%         1
 Call Imp                 Summ           0%         N/A       75%         2
 Ensorcelled Hibernation  Hex/Ice        0%         N/A       75%         2
 Sublimation of Blood     Necr           0%         N/A       75%         2
 Volatile Blastmotes      Fire/Tloc      2%         2d10      88%         3
 Confusing Touch          Hex            0%         N/A       92%         3
 Fugue of the Fallen      Necr           0%         N/A       92%         3
 Ozocubu's Armour         Ice            0%         N/A       92%         3
 Sigil of Binding         Hex            0%         N/A       92%         3
 Vampiric Draining        Necr           0%         2d6       92%         3
 Iskenderun's Mystic Bla  Conj/Tloc      1%         2d3       99%         4
 Anguish                  Hex/Necr       0%         N/A       100%        4
 Brom's Barrelling Bould  Conj/Erth      0%         2d3       100%        4
 Fulminant Prism          Conj/Alch      0%         3d5       100%        4
 Olgreb's Toxic Radiance  Alch           0%         N/A       100%        4
 Sticky Flame             Fire/Alch      0%         2d4       100%        4
 Summon Blazeheart Golem  Fire/Summ      0%         N/A       100%        4
 Fireball                 Conj/Fire      0%         3d3       100%        5
 Iskenderun's Battlesphe  Conj           0%         2d6       100%        5
 Metabolic Englaciation   Hex/Ice        0%         N/A       100%        5
 Summon Forest            Summ/Tloc      0%         N/A       100%        5
 Summon Mana Viper        Hex/Summ       0%         N/A       100%        5
 Conjure Ball Lightning   Conj/Air       0%         3x3d6     100%        6
 Eringya's Noxious Bog    Alch           0%         4d6       100%        6
 Plasma Beam              Fire/Air       0%         2x1d10    100%        6
 Sculpt Simulacrum        Ice/Alch       0%         N/A       100%        6
 Starburst                Conj/Fire      0%         6d3       100%        6
 Summon Cactus Giant      Summ           0%         N/A       100%        6
 Enfeeble                 Hex            0%         N/A       100%        7
 Orb of Destruction       Conj           0%         9d5       100%        7
 Ozocubu's Refrigeration  Ice            0%         4d7       100%        7
 Summon Hydra             Summ           0%         N/A       100%        7
 Discord                  Hex            0%         N/A       100%        8
 Polar Vortex             Ice            0%         N/A       100%        9


Dungeon Overview and Level Annotations

Branches:
Dungeon (14/15)            Temple (1/1) D:7            Lair (5/5) D:10
 Shoals (1/4) Lair:2        Snake (3/4) Lair:2        Slime (0/5) Lair:4
    Orc (2/2) D:10            Elf (0/3) Orc:2        Vaults (0/5) D:14
 Bailey (visited)           IceCv (1/1)

Altars:
Ashenzari
Cheibriados
Dithmenos
Elyvilon
Fedhas
Gozag
Hepliaklqana
Kikubaaqudgha
Makhleb
Nemelex Xobeh
Okawaru
Qazlal
Ru
Sif Muna
Trog
Uskayaw
Vehumet
Wu Jian
Xom
Yredelemnul
Zin
The Shining One
Jiyva

Shops:
D:6 :[   D:7 !   D:9 *(   Orc:2 ***[?

Annotations:
Lair:2 3 runed translucent doors, exclusion: 2 oklob plants, Wekoupam's ghost, journeyman FoFi
Lair:4 1 runed translucent door
Lair:5 exclusion: 5 oklob plants
Snake:2 Roxanne


Innate Abilities, Weirdness & Mutations

((You are very nimble when in or above water. (Stealth+, EV+, Speed+++)))
Your lower body shifts to a powerful aquatic tail in water.


Message History

Press: ? - help, Dir - look around, f - activate The golden flame engulfs you but does no damage.
You resist.
The golden flame engulfs the Ice Fiend!!
The Ice Fiend writhes in agony!
The Ice Fiend is moderately wounded.
The golden flame engulfs the Ice Fiend but does no damage.
The Ice Fiend calls on the powers of darkness!
Your body is wracked with pain!
The Ice Fiend gestures at you. The bolt of cold hits you! You resist.
Activating: Cleansing Flame (2% risk of failure)
Press: ? - help, Dir - look around, f - activate The golden flame engulfs you but does no damage.
You resist.
The golden flame engulfs the Ice Fiend!!
The Ice Fiend writhes in agony!
The Ice Fiend is heavily wounded.
The golden flame engulfs the Ice Fiend!!
The Ice Fiend writhes in agony!
The Ice Fiend is moderately wounded.
Reach: a) +5 Force Lance {heavy, knockback}
Press: ? - help, Dir - move target, f - Ice Fiend
Aim: an Ice Fiend (heavily wounded, haloed, about 5% to evade the +5 Force Lance)
You hit the Ice Fiend but do no damage.
The Ice Fiend is heavily wounded.
The Ice Fiend claws you. The Ice Fiend freezes you! You resist.
You block the Ice Fiend's attack.
The Ice Fiend calls on the powers of darkness!
Your body is wracked with pain!
* * * LOW HITPOINT WARNING * * *
You are momentarily dazzled by a brilliant light.
The Ice Fiend claws you!
* * * LOW HITPOINT WARNING * * *
The Ice Fiend freezes you! You resist.
* * * LOW HITPOINT WARNING * * *
The Ice Fiend claws you!
* * * LOW HITPOINT WARNING * * *
The Ice Fiend freezes you!! You resist.
You die...

▒∙▒▒▒▒▒'▒▒▒▒
▒▒∙▒∙▒∙▒∙▒∙▒∙
▒▒▒▒▒▒8∙▒'▒'▒∙▒'▒'
▒∙∙∙∙∙∙∙▒∙∙∙∙∙∙∙∙∙
▒∙▒▒▒▒▒∙▒∙8∙8∙8∙8∙
▒▒∙▒∞∙[▒∙▒∙∙∙∙∙∙∙∙∙
▒⌠1A∙⌠?▒∙'∙∙∙∙∙∙∙∙∙
▒▒1▒$?)▒∙▒∙∙∙∙∙∙∙∙∙
▒m▒▒▒▒▒∙▒∙8∙8∙8÷8∙
▒∙∙∙∙∙∙∙▒∙∙∙∙∙∙∙∙∙
▒▒▒▒▒▒8∙▒'▒'▒∙▒'▒'
▒▒∙▒∙▒∙▒∙▒∙▒∙
▒∙▒▒▒▒▒'▒▒▒▒
▒∙'∙∙∙∙∙∙∙∙∙
▒▒▒▒▒▒▒▒▒▒▒▒


You could see 2 Ice Fiends and a friendly angel (summoned).

Vanquished Creatures
  Saint Roka (Snake:2)
  Jorgrun (Snake:3)
  Frances (Snake:1)
  A nagaraja (Snake:2)
  Aizul (Snake:1)
  An orc warlord (Orc:2)
  A very ugly thing (IceCv)
  2 vault guards (D:14)
  9 hydras
  An ironbound frostheart (D:14)
  12 anacondas
  2 catoblepae
  3 caustic shrike simulacra (IceCv)
  4 two-headed ogres
  3 centaur warriors
  2 boulder beetles (D:14)
  6 naga warriors
  5 death yaks (Lair:3)
  A deep troll earth mage (D:13)
  4 tengu warriors (D:14)
  5 orc high priests
  Urug (D:13)
  4 shock serpents
  10 naga sharpshooters
  A salamander mystic (Snake:3)
  13 mana vipers
  7 naga ritualists
  2 obsidian statues (IceCv)
  A swamp dragon (Lair:5)
  2 bog bodies (IceCv)
  2 arcanists
  6 orc knights
  2 deep elf pyromancers
  A wolf spider (Lair:5)
  An oklob plant (Lair:1)
  10 ugly things
  3 cyclopes
  3 orc sorcerers
  13 salamanders
  A manticore (D:11)
  7 elephants
  3 guardian serpents
  A merfolk siren (Lair:2)
  A torpor snail (Lair:3)
  46 black mambas
  22 cane toads
  5 naga magi
  An ice statue (Snake:1)
  An unseen horror (D:12)
  4 rime drakes
  5 freezing wraiths
  8 komodo dragons
  A kobold demonologist (D:10)
  3 golden dragon simulacra (IceCv)
  4 trolls
  A hornet (Lair:5)
  A wind drake (Shoals:1)
  3 merfolk (Lair:2)
  3 polar bears
  10 dream sheep
  13 slime creatures
  3 shadows
  A centaur simulacrum (D:14)
  A vampire (D:13)
  A ynoxinul (D:10)
  81 yaks
  14 wyverns
  8 basilisks
  2 humans (D:14)
  3 wraiths
  3 wargs
  15 vampire mosquitoes
  2 steam dragons (Lair:5)
  Menkaure (D:5)
  3 redbacks (Lair:5)
  2 minotaur simulacra (IceCv)
  4 acid dragons
  26 nagas
  28 water moccasins
  A hydra simulacrum (IceCv)
  45 orc warriors
  A black bear (D:6)
  2 sky beasts
  An ice beast (D:6)
  3 ettin simulacra (IceCv)
  A laughing skull (D:13)
  7 ogres
  29 wolves
  12 centaurs
  A phantom (D:4)
  A gnoll sergeant (D:9)
  6 kobold brigands
  4 scorpions
  9 bullfrogs
  2 deep troll simulacra (IceCv)
  A lindwurm simulacrum (IceCv)
  42 killer bees
  9 howler monkeys
  3 bombardier beetles
  2 electric eels (D:14)
  2 lava snakes (D:13)
  4 hounds
  34 orc priests
  3 jellies
  8 iguanas
  5 sleepcaps
  20 orc wizards
  A mummy (D:4)
  8 gnolls
  10 adders
  2 river rats (Lair:2)
  3 shadow imps
  2 white imps (D:14)
  6 ufetubi
  2 ribbon worms
  8 dart slugs
  90 orcs
  8 endoplasms
  A giant cockroach (D:3)
  7 goblins
  11 hobgoblins
  A jackal (D:3)
  13 kobolds
  3 quokkas
  11 ball pythons
  4 bats
  8 frilled lizards
  2 kobold zombies (D:4)
  2 orc zombies (D:4)
  3 rats
954 creatures vanquished.

Vanquished Creatures (collateral kills)
  Vashnia (Snake:3)
  An orc warlord (Orc:2)
  An ice dragon (Lair:5)
  Harold (D:10)
  An orc high priest (Orc:2)
  A naga sharpshooter (Snake:3)
  2 orc knights (Orc:2)
  2 orc sorcerers (Orc:2)
  A queen bee (Lair:2)
  A hornet (Lair:5)
  A wyvern (Lair:5)
  A water moccasin (Lair:5)
  3 orc warriors (Orc:2)
  A wolf (Lair:2)
  A centaur (D:7)
  A killer bee (Lair:2)
  A howler monkey (D:7)
  6 orc priests (Orc:2)
  An orc wizard (Orc:2)
  5 orcs
  A kobold (D:10)
34 creatures vanquished.

Vanquished Creatures (others)
  An ugly thing (D:14)
  A blink frog (Lair:2)
  An orc warrior (Orc:2)
  An iguana (Lair:5)
  4 orcs
8 creatures vanquished.

Grand Total: 996 creatures vanquished

Notes
Turn   | Place    | Note
-------+----------+-------------------------------------------
     0 | D:1      | Zeor the Merfolk Gladiator began the quest for the Orb.
     0 | D:1      | Reached XP level 1. HP: 16/16 MP: 1/1
   277 | D:1      | Reached XP level 2. HP: 22/23 MP: 2/2
  1105 | D:2      | Found a broken altar of Ashenzari.
  1188 | D:2      | Found a faded altar of an unknown god.
  1254 | D:2      | Found the +5 Force Lance {heavy, knockback}
  1263 | D:2      | Reached XP level 3. HP: 28/28 MP: 3/3
  1631 | D:3      | Reached skill level 1 in Polearms
  1631 | D:3      | Reached XP level 4. HP: 34/34 MP: 4/4
  1640 | D:3      | Reached skill level 1 in Stealth
  1898 | D:3      | Reached XP level 5. HP: 40/40 MP: 5/5
  1945 | D:3      | Reached skill level 3 in Fighting
  2003 | D:3      | Found a snail-covered altar of Cheibriados.
  2136 | D:3      | Found a broken altar of Ashenzari.
  2366 | D:4      | Reached skill level 1 in Armour
  2436 | D:4      | Found a hazy altar of Hepliaklqana.
  2915 | D:4      | Noticed a phantom
  2921 | D:4      | Killed a phantom
  2922 | D:4      | Reached XP level 6. HP: 47/47 MP: 6/6
  3028 | D:5      | Entered Level 5 of the Dungeon
  3145 | D:5      | Reached skill level 4 in Fighting
  3145 | D:5      | Reached skill level 5 in Polearms
  3293 | D:5      | Reached XP level 7. HP: 42/54 MP: 7/7
  3297 | D:5      | Noticed Menkaure
  3304 | D:5      | Killed Menkaure
  3305 | D:5      | Reached skill level 5 in Dodging
  3772 | D:5      | Reached XP level 8. HP: 61/61 MP: 8/8
  4099 | D:6      | Identified the ring "Xyisis" {rF+ rN+ Will- Str+6}
  4127 | D:6      | Found Lehaufeaq's Armour Boutique.
  4204 | D:6      | Found Huatteugu's Book Emporium.
  4217 | D:6      | Found a blossoming altar of Fedhas.
  4364 | D:6      | Reached skill level 5 in Fighting
  4451 | D:6      | Found a white marble altar of Elyvilon.
  4457 | D:6      | Found a sacrificial altar of Ru.
  4464 | D:6      | Reached skill level 10 in Polearms
  4548 | D:6      | Reached XP level 9. HP: 68/68 MP: 9/9
  4551 | D:6      | Found an opulent altar of Gozag.
  4556 | D:6      | Got the Grimoire of Jinxing
  4891 | D:7      | Found a staircase to the Ecumenical Temple.
  4902 | Temple   | Entered the Ecumenical Temple
  4958 | Temple   | Became a worshipper of the Shining One
  4987 | D:7      | Reached skill level 6 in Fighting
  5055 | D:7      | Reached skill level 1 in Invocations
  5072 | D:7      | Found a flagged portal.
  5096 | Bailey   | Entered a bailey
  5600 | Bailey   | Found an iron altar of Okawaru.
  5649 | D:7      | Found Wihu's Distillery.
  5657 | D:7      | Bought 2 potions of heal wounds for 140 gold pieces
  5657 | D:7      | Bought a potion of might for 56 gold pieces
  5743 | D:7      | Reached XP level 10. HP: 70/77 MP: 11/11
  5751 | D:7      | Reached skill level 7 in Fighting
  6146 | D:8      | Identified the +7 hand axe "Julin" {flame, *Noise rN+ Str+2
                  | Int+3}
  6157 | D:8      | Identified the ring "Zitaiwy" {rElec rN+ Str+2}
  6997 | D:9      | Noticed a two-headed ogre
  7001 | D:9      | Killed a two-headed ogre
  7026 | D:9      | Reached * piety under the Shining One
  7094 | D:9      | Reached skill level 8 in Fighting
  7173 | D:9      | Identified the +3 leather armour of Too Many Cooks {^Drain
                  | rF+ Regen+ Dex+2}
  7196 | D:9      | Found Feoll's Weapon Shop.
  7196 | D:9      | Noticed a +3 lajatang
  7197 | D:9      | Noticed a +0 giant spiked club
  7284 | D:9      | Noticed Harold
  7441 | D:9      | Found Wyet's General Store.
  7452 | D:9      | Bought a scroll of teleportation for 42 gold pieces
  7452 | D:9      | Bought a scroll of teleportation for 42 gold pieces
  7452 | D:9      | Bought a scroll of identify for 28 gold pieces
  7801 | D:9      | Found a glowing silver altar of Zin.
  7901 | D:10     | Entered Level 10 of the Dungeon
  7905 | D:10     | Reached ** piety under the Shining One
  7966 | D:10     | You fall into a shaft and drop 3 floors!
  7973 | D:13     | Noticed a white ugly thing
  7979 | D:13     | Killed a white ugly thing
  7980 | D:13     | Reached skill level 9 in Fighting
  7980 | D:13     | Reached XP level 11. HP: 89/89 MP: 14/14
  8012 | D:13     | Noticed a six-headed hydra
  8025 | D:13     | Killed a six-headed hydra
  8139 | D:12     | Noticed a red ugly thing
  8150 | D:12     | Killed a red ugly thing
  8228 | D:12     | Noticed an arcanist
  8236 | D:12     | Killed an arcanist
  8237 | D:12     | Reached skill level 5 in Invocations
  8260 | D:12     | Noticed a deep elf pyromancer
  8275 | D:12     | Reached skill level 10 in Fighting
  8281 | D:12     | Killed a deep elf pyromancer
  8355 | D:12     | Noticed a two-headed ogre
  8361 | D:12     | Killed a two-headed ogre
  8412 | D:11     | Noticed a manticore
  8452 | D:10     | Found a staircase to the Orcish Mines.
  8470 | D:10     | Killed Harold
  8490 | D:10     | Reached skill level 11 in Fighting
  8707 | D:10     | Found a shimmering blue altar of Sif Muna.
  8744 | D:10     | Got Sif Muna's Disquisition on the Sun
  8754 | D:10     | Found a bloodstained altar of Trog.
  8865 | D:10     | Found a shadowy altar of Dithmenos.
  9087 | D:10     | Found a staircase to the Lair.
  9282 | D:10     | Reached *** piety under the Shining One
  9290 | D:10     | Reached XP level 12. HP: 95/101 MP: 16/16
  9476 | D:10     | Reached skill level 12 in Fighting
  9607 | Lair:1   | Entered Level 1 of the Lair of Beasts
  9853 | Lair:1   | Reached skill level 5 in Throwing
 10153 | Lair:1   | Reached skill level 5 in Stealth
 10552 | Lair:1   | HP: 2/103 [oklob plant/splash of acid (29)]
 10718 | Lair:2   | Reached skill level 13 in Fighting
 10755 | Lair:2   | Reached skill level 10 in Dodging
 10955 | Lair:2   | Noticed a catoblepas
 10966 | Lair:2   | Killed a catoblepas
 11127 | Lair:2   | Found a runed translucent gate.
 11128 | Lair:2   | Found a runed translucent gate.
 11129 | Lair:2   | Found a runed translucent gate.
 11131 | Lair:2   | Noticed Wekoupam's ghost (journeyman FoFi)
 11211 | Lair:2   | Reached **** piety under the Shining One
 11368 | Lair:2   | Reached XP level 13. HP: 51/112 MP: 10/18
 11755 | Lair:2   | Reached skill level 1 in Shields
 11887 | Lair:2   | Found a staircase to the Shoals.
 12202 | Lair:2   | Found a staircase to the Snake Pit.
 12617 | Lair:3   | Reached skill level 14 in Fighting
 12640 | Lair:3   | Identified the +8 ring mail of Rotation {rF+ Int+3}
 13113 | Lair:3   | Reached skill level 5 in Armour
 13815 | Lair:4   | Found a runed translucent door.
 13815 | Lair:4   | Noticed an acid blob
 13815 | Lair:4   | Noticed an acid blob
 13816 | Lair:4   | Found a viscous altar of Jiyva.
 13817 | Lair:4   | Noticed an acid blob
 13818 | Lair:4   | Found a staircase to the Slime Pits.
 13864 | Lair:4   | Reached XP level 14. HP: 121/121 MP: 20/20
 13871 | Lair:4   | Reached skill level 15 in Fighting
 14595 | Lair:5   | Entered Level 5 of the Lair of Beasts
 14883 | Lair:5   | Reached ***** piety under the Shining One
 15287 | Lair:5   | Reached skill level 1 in Axes
 16729 | Lair:5   | Reached skill level 16 in Fighting
 16954 | Lair:5   | Reached XP level 15. HP: 122/131 MP: 20/22
 17094 | Lair:5   | Identified the +1 glaive "Fidwuted" {freeze, ^Contam rPois
                  | Str+4}
 17154 | Lair:5   | Learned a level 1 spell: Apportation
 17677 | Orc:1    | Entered Level 1 of the Orcish Mines
 18000 | Orc:2    | Entered Level 2 of the Orcish Mines
 18004 | Orc:2    | Noticed an orc warlord
 18019 | Orc:2    | Reached skill level 1 in Spellcasting
 18027 | Orc:2    | Killed an orc warlord
 18128 | Orc:2    | Found a staircase to the Elven Halls.
 18151 | Orc:2    | Reached skill level 1 in Translocations
 18311 | Orc:1    | Noticed an orc warlord
 18329 | Orc:2    | Killed an orc warlord
 19211 | Orc:2    | Found Ylaoggeh's Magic Scroll Shop.
 19216 | Orc:2    | Bought a scroll of fog for 56 gold pieces
 19216 | Orc:2    | Bought a scroll of revelation for 105 gold pieces
 19216 | Orc:2    | Bought a scroll of teleportation for 42 gold pieces
 19216 | Orc:2    | Bought 3 scrolls of identify for 84 gold pieces
 19738 | Orc:2    | Reached ****** piety under the Shining One
 19775 | Orc:2    | Reached skill level 10 in Invocations
 19789 | Orc:2    | Reached skill level 15 in Polearms
 19808 | Orc:2    | Reached skill level 5 in Shields
 20042 | Orc:2    | Found Meulepso's Armour Emporium.
 20042 | Orc:2    | Found Wataxuyxt's General Store.
 20043 | Orc:2    | Found Womoig's Assorted Antiques.
 20043 | Orc:2    | Found Qewiewor's Assorted Antiques.
 20051 | Orc:2    | Bought a pair of glowing boots for 240 gold pieces
 20059 | Orc:2    | Bought a distressingly furry ring mail for 234 gold pieces
 20059 | Orc:2    | Identified the +5 ring mail of Ricifo {Str-2 Int+3 Dex+3}
                  | (You bought it in a shop on level 2 of the Orcish Mines)
 20059 | Orc:2    | Bought a flickering emerald amulet for 130 gold pieces
 20059 | Orc:2    | Identified the amulet "Emmux" {RegenMP rPois rN+ Str+6
                  | Dex-4} (You bought it in a shop on level 2 of the Orcish
                  | Mines)
 20059 | Orc:2    | Bought a scroll of teleportation for 78 gold pieces
 22014 | D:13     | Noticed Urug
 22029 | D:13     | Killed Urug
 22817 | D:14     | Got the Discursus on Wintry Immolation
 22839 | D:14     | Reached skill level 17 in Fighting
 22897 | D:14     | Reached XP level 16. HP: 121/141 MP: 23/23
 23867 | D:14     | Reached skill level 10 in Throwing
 23937 | D:14     | Found a gate to the Vaults.
 24158 | Snake:1  | Entered Level 1 of the Snake Pit
 24429 | Snake:1  | Reached skill level 1 in Evocations
 24926 | Snake:1  | Reached skill level 15 in Dodging
 24991 | Snake:1  | Found a gateway to a bazaar.
 25008 | Bazaar   | Entered a bazaar
 25009 | Bazaar   | Found Taozeun's Weapon Emporium.
 25009 | Bazaar   | Found Dagomergh's Magic Scroll Emporium.
 25010 | Bazaar   | Found Raziduw's Antique Weapon Shop.
 25038 | Bazaar   | Bought a scroll of teleportation for 39 gold pieces
 25038 | Bazaar   | Bought a scroll of revelation for 97 gold pieces
 25038 | Bazaar   | Bought a scroll of blinking for 97 gold pieces
 25038 | Bazaar   | Bought a scroll of teleportation for 39 gold pieces
 25041 | Bazaar   | Found Ruin's Jewellery Boutique.
 25107 | Snake:1  | Noticed Frances
 25119 | Snake:1  | Killed Frances
 25157 | Snake:1  | Identified the serpent talisman of Vexation {Will- rCorr
                  | MP+9}
 25157 | Snake:1  | Noticed Aizul
 25185 | Snake:1  | HP: 7/143 [Aizul (15)]
 25185 | Snake:1  | HP: 2/143 [Aizul/bolt of poison (5)]
 25197 | Snake:1  | Killed Aizul
 25703 | Snake:1  | Reached skill level 18 in Fighting
 26330 | Snake:2  | Noticed Saint Roka
 26377 | Snake:2  | Paralysed by an orc sorcerer for 3 turns
 26408 | Snake:2  | Killed Saint Roka
 26409 | Snake:2  | Reached XP level 17. HP: 44/149 MP: 25/25
 26988 | Snake:2  | Noticed Roxanne
 28347 | Snake:3  | Noticed Jorgrun
 28359 | Snake:3  | Killed Jorgrun
 28448 | Snake:3  | Noticed Vashnia
 28477 | Snake:3  | HP: 2/151 [Vashnia/bolt (30)]
 28480 | Snake:3  | Killed Vashnia
 29246 | Snake:3  | Reached XP level 18. HP: 159/159 MP: 25/27
 30300 | Shoals:1 | Entered Level 1 of the Shoals
 30308 | Shoals:1 | Found a glacial archway.
 30320 | IceCv    | Entered an ice cave
 31142 | IceCv    | Noticed an Ice Fiend
 31142 | IceCv    | Noticed an Ice Fiend
 31149 | IceCv    | Slain by an Ice Fiend

Illustrated notes

Levels and vault maps discovered:
D:1:      matt_arrival_spirals, layout_basic, minmay_bisected
D:2:      layout_basic, shapermc_ecumenical_altar_mp_urbaneastern, basic_altar,
          guppyfry_early_lair_pool
D:3:      minmay_chambers_of_threes, layout_basic, kennysheep_slug_shrine,
          lemuel_tele_altar
D:4:      minmay_angry_zag, layout_rooms, mainiacjoe_overflow_boulevard,
          minivault_19, minmay_mini_ossuary
D:5:      layout_loops_ring, uniq_menkaure
D:6:      layout_rooms, nicolae_gozag_cash_rules_everything_around_me,
          lemuel_crystal_altar, fedhas_ov_isle_minmay,
          nicolae_elyvilon_peaceful_grove, serial_shops, shop_coins,
          nicolae_shop_tiny_real_fake_doors
D:7:      layout_basic, minmay_temple_entry_large_hall, serial_corexii_hall,
          corexii_hall_statues_i, chequers_hall_statues_wall_a, enter_bailey_4,
          serial_shops, nicolae_shop_industrial_runoff, minmay_crystal_water
D:8:      layout_loops_corners
D:9:      layout_loops_ring, zin_treasury, serial_shops,
          nicolae_shop_mannequins, shop, uniq_harold
D:10:     layout_stronghold, nzn_overflow_gifts_of_might_and_magic,
          nicolae_dithmenos_shadow_blocks, grunt_lair_entry_orc_guard_hut,
          orc_david_3
D:11:     layout_irregular_city
D:12:     layout_rooms, nicolae_benzene_ring, dreamdust_mushroom_princess
D:13:     layout_basic, st_stairs_5, kennysheep_island_fort, uniq_urug
D:14:     layout_loops_cross, hellmonk_vaults_keyhole, fountainhead, serial_ice,
          serial_ice_d, serial_ice_g, serial_ice_l, serial_ice_b, serial_ice_h
Temple:   nicolae_temple_bog_church
Lair:1:   layout_small_grid
Lair:2:   regret_index_harrowing_hell_hive, layout_cellular_growth,
          elwin_shoals_entry_stream, alex1729_snake_entry_snake,
          gammafunk_ghost_necromancy, infiniplex_staircase_pool_2
Lair:3:   layout_loops_ring
Lair:4:   layout_roguey, slime_entry_2
Lair:5:   hangedman_lair_tendril_chambers, layout_cave_pods,
          guppyfry_lair_end_dragon, minivault_25, st_stairs_9, dpeg_oklob_1
Shoals:1: layout_shoals, portal_ice_cave_entry_pillars_three
Snake:1:  layout_misc_corridors, serial_shops, statue_bzr, uniq_aizul,
          uniq_frances
Snake:2:  layout_chambers, grunt_ministairs_1, serial_bayou_shore_b,
          uniq_roxanne, uniq_saint_roka
Snake:3:  layout_grid_maze, serial_bayou_pond_d, nicolae_snake_lava_pool,
          uniq_vashnia, uniq_jorgrun
Orc:1:    layout_caves, basic_altar
Orc:2:    st_orc_pillars, layout_diamond_mine, serial_shops,
          nicolae_shop_rolling_square
IceCv:    ice_cave_tombish

Skill      XL: |  1  2  3  4  5  6  7  8  9 10 11 12 13 14 15 16 17 18 |
---------------+-------------------------------------------------------+-----
Long Blades    | 4 |  4.5
Polearms       | 1 2 4 5 7 10 12 13 14 15 16 | 16.6
Stealth        | 1 2 3 4 5 |  5.0
Fighting       | 3 4 5 6 9 11 13 14 16 17 18 | 18.9
Armour         | 1 2 3 4 5 6 7 |  7.0
Dodging        | 5 6 7 8 10 12 13 14 15 16 | 16.4
Invocations    | 2 4 6 7 8 9 10 11 12 | 12.2
Throwing       | 4 6 7 8 9 10 11 | 11.3
Shields        | 1 4 5 7 9 |  9.9
Axes           | 1 |  1.4
Spellcasting   | 1 |  1.1
Translocations | 1 |  1.0
Evocations     | 1 |  1.2

Action                     |  1- 3 |  4- 6 |  7- 9 | 10-12 | 13-15 | 16-18 || total
---------------------------+-------+-------+-------+-------+-------+-------++-------
  Melee: Long sword        |    51 |       |       |       |       |       ||    51
         Lance             |    22 |   137 |   201 |   514 |  1251 |   889 ||  3014
         Punch             |       |     1 |       |     3 |    17 |     1 ||    22
         Tailslap          |       |       |     2 |     1 |     8 |       ||    11
         Hand axe          |       |       |       |       |    18 |       ||    18
  Throw: Boomerang         |       |       |     5 |    18 |    47 |    20 ||    90
         Throwing net      |       |       |     1 |     6 |       |       ||     7
         Dart              |       |       |       |     4 |    20 |       ||    24
   Cast: Apportation       |       |       |       |       |     5 |       ||     5
 Invoke: Cleansing Flame   |       |       |       |     3 |     6 |     5 ||    14
         Divine Shield     |       |       |       |     2 |     9 |     8 ||    19
         Summon Divine War |       |       |       |       |     2 |     2 ||     4
  Evoke: Phantom mirror    |       |       |       |     1 |     1 |     1 ||     3
         Sack of spiders   |       |       |       |       |     1 |       ||     1
         Wand              |       |       |       |       |     3 |     4 ||     7
         Phial of floods   |       |       |       |       |     1 |       ||     1
         Tin of tremorston |       |       |       |       |     1 |       ||     1
         Lightning rod     |       |       |       |       |       |     4 ||     4
    Use: Scroll            |     9 |     6 |     4 |     6 |    10 |     4 ||    39
         Potion            |       |     1 |     5 |     3 |     8 |     9 ||    26
   Stab: Sleeping          |     5 |     7 |     5 |       |       |       ||    17
 Armour: Leather armour    |    32 |    50 |    65 |   204 |    18 |       ||   369
         Ring mail         |       |       |       |       |   452 |   323 ||   775
  Dodge: Dodged            |    42 |    59 |    96 |   262 |   748 |   393 ||  1600
  Block: Other             |       |       |       |    12 |    70 |       ||    82
         Kite shield       |       |       |       |       |       |   342 ||   342
         Buckler           |       |       |       |       |       |    12 ||    12
